 Dungeon Crawl Stone Soup version 0.28.0-53-g5a82cb258f (webtiles) character file.

Game seed: 16467393197595415124

112 Ashen the Chiller (level 4, 0/32 HPs)
             Began as a Demonspawn Ice Elementalist on July 21, 2022.
             Killed by nerve-wracking pain
             ... invoked by an orc priest
              (6 damage)
             ... on level 3 of the Dungeon.
             The game lasted 00:03:58 (3085 turns).

Ashen the Chiller (Demonspawn Ice Elementalist)     Turns: 3085, Time: 00:04:08

Health: 0/32       AC:  3    Str:  9    XL:     4   Next: 64%
Magic:  4/8        EV: 12    Int: 18    God:
Gold:   61         SH:  0    Dex: 13    Spells: 4/8 levels left

rFire   + . .      SeeInvis .   (no weapon)
rCold   . . .      Faith    .   (no shield)
rNeg    . . .      Spirit   .   b - +0 leather armour {rF+}
rPois   .          Reflect  .   (no helmet)
rElec   .          Harm     .   (no cloak)
rCorr   .          Rampage  .   (no gloves)
Will    .....                   (no boots)
Stlth   ++........              (no amulet)
HPRegen 0.10/turn               h - ring of flight
MPRegen 0.11/turn               (no ring)

@: flying, very slightly contaminated
A: foul stench 1
a: no special abilities


You were on level 3 of the Dungeon.
You visited 1 branch of the dungeon, and saw 3 of its levels.

You collected 61 gold pieces.

Inventory:

Armour
 b - a +0 leather armour of fire resistance (worn)
Jewellery
 h - a ring of flight (left hand)
Scrolls
 a - 3 scrolls of teleportation {unknown}
 d - a scroll of vulnerability {unknown}
 e - a scroll of immolation {unknown}
 f - a scroll of fog {unknown}
 g - a scroll of summoning {unknown}
 j - a scroll of identify {unknown}
Potions
 c - 4 potions of might {unknown}
 i - a potion of invisibility {unknown}


   Skills:
 + Level 1.6 Fighting
 + Level 2.5 Dodging
 + Level 2.6 Stealth
 + Level 2.7 Spellcasting
 + Level 4.0 Ice Magic


You had 4 spell levels left.
You knew the following spells:

 Your Spells              Type           Power      Damage    Failure   Level
a - Freeze                Ice            68%        1d8       4%          1
b - Frozen Ramparts       Ice            34%        1d5       13%         3

Your spell library contained the following spells:

 Spells                   Type           Power      Damage    Failure   Level
 Ozocubu's Armour         Ice            17%        N/A       13%         3
 Hailstorm                Conj/Ice       9%         3d4       71%         4


Dungeon Overview and Level Annotations

Branches:
Dungeon (3/15)

Altars:
Yredelemnul

Shops:
D:2 (


Innate Abilities, Weirdness & Mutations

You may rarely emit foul miasma when damaged in melee.


Message History

Press: ? - help, Shift-Dir - straight line, f - orc priest
Aim: an orc priest, wielding a +0 mace You miscast Freeze.
You are very lightly contaminated with residual magic.
Nothing appears to happen.
Casting: Freeze (safe; 4% risk of failure)
Confirm with . or Enter, or press ? or * to list all spells.
Aiming: Freeze (safe; 4% risk of failure)
Press: ? - help, Shift-Dir - straight line, f/p - orc priest
Aim: an orc priest, wielding a +0 mace You freeze the orc priest.
The orc priest is heavily wounded.
The orc priest hits you with a +0 mace!
Casting: Freeze (safe; 4% risk of failure)
Confirm with . or Enter, or press ? or * to list all spells.
Aiming: Freeze (safe; 4% risk of failure)
Press: ? - help, Shift-Dir - straight line, f/p - orc priest
Aim: an orc priest, wielding a +0 mace (heavily wounded)
You freeze the orc priest.
The orc priest is severely wounded.
The orc hits you with a +0 short sword.
You emit a cloud of foul miasma!
The orc priest hits you with a +0 mace!
* * * LOW HITPOINT WARNING * * *
You emit a cloud of foul miasma!
Casting: Freeze (safe; 4% risk of failure)
Confirm with . or Enter, or press ? or * to list all spells.
Aiming: Freeze (safe; 4% risk of failure)
Press: ? - help, Shift-Dir - straight line, f/p - orc priest
Aim: an orc priest, wielding a +0 mace (foul pestilence, severely wounded)
You freeze the orc priest.
The orc priest is severely wounded.
The orc is engulfed in dark miasma.
The orc is poisoned.
The orc hits you with a +0 short sword.
* * * LOW HITPOINT WARNING * * *
The orc barely misses you.
The orc priest is engulfed in dark miasma.
The orc priest is poisoned.
The orc priest seems to slow down.
The orc priest invokes the aid of Beogh against you.
Pain shoots through your body!
You die...

###...##.##...
###.....###.
#######...##
##.....###...
.........###. .#
#........##
.#########.#
#..........
...o.ooo...#
#....... #@.#
##.#.##. #..#
#.#.##. #..#
#######.#.#..
#..###............
#............#....
#..###.####..#.##.
#..# #)# #..#.##.
#..# #.# #..#....
#..# #.# #..#.##.


You could see an orc priest (poisoned, slow) and 3 orcs.

Vanquished Creatures
  6 adders
  2 worms (D:2)
  A dart slug (D:3)
  An orc (D:3)
  5 bats
  9 endoplasms
  A giant cockroach (D:1)
  3 goblins
  2 hobgoblins
  6 kobolds
  2 quokkas
  7 ball pythons
  A frilled lizard (D:2)
  5 rats
51 creatures vanquished.

Notes
Turn   | Place    | Note
-------+----------+-------------------------------------------
     0 | D:1      | Ashen the Demonspawn Ice Elementalist began the quest for
                  | the Orb.
     0 | D:1      | Reached XP level 1. HP: 13/13 MP: 3/3
   261 | D:1      | Gained mutation: You may rarely emit foul miasma when
                  | damaged in melee. [demonic ancestry]
   261 | D:1      | Reached XP level 2. HP: 20/20 MP: 0/5
   946 | D:1      | Found a faded altar of an unknown god.
  1127 | D:2      | Found a basalt altar of Yredelemnul.
  1144 | D:2      | Reached XP level 3. HP: 23/25 MP: 2/6
  1148 | D:2      | Learned a level 3 spell: Frozen Ramparts
  1253 | D:2      | Found Serchusi's Antique Weapon Boutique.
  1267 | D:2      | Reached skill level 1 in Fighting
  2235 | D:3      | Reached XP level 4. HP: 32/32 MP: 4/7
  2490 | D:3      | Reached skill level 4 in Ice Magic
  3085 | D:3      | Killed from afar by an orc priest

Illustrated notes

Levels and vault maps discovered:
D:1:      lightli_iron_boxes, layout_rooms,
          hellmonk_ecumenical_altar_heavens_door,
          chequers_serial_rivers_micro_a, chequers_serial_rivers_room_b
D:2:      layout_basic, basic_altar, serial_shops, nicolae_shop_behind_doors
D:3:      minmay_skewed_foursquare, layout_loops_ring, st_stairs_5,
          chequers_serial_rivers_micro_b, kennysheep_cross_bottleneck,
          grunt_decor_resistance

Skill      XL: |  1  2  3  4 |
---------------+-------------+-----
Stealth        | 2 |  2.6
Dodging        | 2 |  2.5
Fighting       | 1 |  1.6
Ice Magic      | 4 |  4.0
Spellcasting   | |  2.7

Action                   |  1- 3 |  4- 6 || total
-------------------------+-------+-------++-------
Melee: Unarmed           |    23 |    11 ||    34
       Punch             |     1 |       ||     1
 Cast: Freeze            |    60 |    31 ||    91
 Stab: Sleeping          |     2 |     3 ||     5
Armor: Robe              |     4 |       ||     4
       Leather armour    |    20 |     5 ||    25
Dodge: Dodged            |    32 |    24 ||    56
